Unix NetHack Version 5.0.0-0 post-release - last build Jun 10 2026 00:39:30 (3ee93aec679c4c4259841fe613dc97188e26a321,branch:main).

Game began 2026-06-25 16:14:07, ended 2026-06-25 17:20:40.

GdeVolpiano, neutral female human Tourist

                                     #
                                 ----.--
                 --------        |......###
              ###-......|        |.....|  #
             ##  |......|########......|                -----------
            ##   |......|#       |.....|               #)@[[[[.)[)|
            #    -----.--#      #......-#              #|@[[[[[[[[|
            #        #####      #-------#              #|..[d.[[[.|
            #        #  #       ##      #    ----.-    #-----------
            #    ############################-....|  ###
            # ####            #  #         # |....|  #
       --.--# #               #  #         ##-.)..| ##
       |...|### ############# #  #           |...)| #
       |...-#   #-------------.--#           |....-##
       |..||    #|............(.|#           ------
       |.{^.#####|..............|#
       -----     |...<..........|#
                 |..........`...-#
                 -----------|----
                            ^
GdeVolpiano the Sightseer   St:12 Dx:13 Co:11 In:12 Wi:9 Ch:18  Neutral
Dlvl:2  $:0  HP:0(26) Pw:10(10) AC:9  Xp:3 T:919 

Latest messages:
 You hear someone counting gold coins.
 You see here 8 crossbow bolts (for sale, 224 zorkmids).
 You see here a banded mail (for sale, 80 zorkmids).
 Winston picks up a wooden shield.
 You see here a studded leather armor (for sale, 13 zorkmids).
 You see here a plate mail (for sale, 533 zorkmids).
 You see here a ring mail (for sale, 89 zorkmids).
 You see here an apron (for sale, 44 zorkmids).
 You see here 9 crossbow bolts (for sale, 18 zorkmids).
 You see here a ring mail (for sale, 89 zorkmids).
 You see here a tattered cape (for sale, 59 zorkmids).
 "For you, most gracious lady; only 59 zorkmids for this tattered cape."
 A - a tattered cape (unpaid, 59 zorkmids).
 You stop.  Winston is in the way!
 You see here a leather armor (for sale, 4 zorkmids).
 You see here a plate mail (for sale, 533 zorkmids).
 You see here a studded leather armor (for sale, 13 zorkmids).
 You see here a chain mail (for sale, 67 zorkmids).
 You see here a banded mail (for sale, 89 zorkmids).
 You see here a robe (for sale, 44 zorkmids).
 "For you, esteemed lady; only 44 zorkmids for this robe."
 B - a robe (unpaid, 44 zorkmids).
 What do you want to drop? [$a-zAB or ?*]
 You drop a robe (unpaid, 44 zorkmids).
 What do you want to drop? [$a-zA or ?*]
 You drop a tattered cape (unpaid, 59 zorkmids).
 You see here a crystal plate mail (for sale, 729 zorkmids).
 What do you want to drop? [$a-z or ?*]
 You drop an ornamental cope (unpaid, 44 zorkmids).
 You see here a robe (for sale, 44 zorkmids).
 You do not owe Yildizeli anything.
 Winston drops a wooden shield.
 You see here a banded mail (for sale, 89 zorkmids).
 You see here a tattered cape (for sale, 59 zorkmids).
 You see here a robe (for sale, 44 zorkmids).
 In what direction?
 The dart hits the gas spore.
 In what direction?
 You kill the gas spore!
 Boom!
 Yildizeli is caught in the gas spore's explosion!
 Yildizeli gets angry!
 You are caught in the gas spore's explosion!
 Yildizeli zaps a glass wand!
 The wand misses you.
 Yildizeli zaps a glass wand!
 The wand hits you!
 You die...
 Yildizeli takes all your possessions.
 Do you want to see what you had when you died? [ynq] (y)

Inventory:
 Amulets  ('"')
  n - an uncursed amulet of magical breathing (being worn)
 Weapons  (')')
  a - 32 +2 darts (at the ready)
  o - a +0 knife
 Armor    ('[')
  q - an uncursed +0 orcish helm (being worn)
  j - an uncursed +0 Hawaiian shirt with a flamingo motif
 Comestibles  ('%')
  e - an uncursed carrot
  f - an uncursed eucalyptus leaf
  d - 5 uncursed food rations
  g - an uncursed fortune cookie
  b - 3 uncursed tripe rations
  y - a blessed tin of boiled gnome meat
  c - 2 uncursed eggs
  u - an uncursed lichen corpse
 Scrolls  ('?')
  w - an uncursed scroll of identify
  s - an uncursed scroll of light
  t - a blessed scroll of magic mapping
  i - 4 uncursed scrolls of magic mapping
  r - a blessed scroll of teleportation
 Potions  ('!')
  h - an uncursed potion of extra healing
  x - a blessed potion of healing
  p - 2 uncursed potions of healing
 Tools    ('(')
  v - a can of grease (0:11)
  l - an uncursed credit card
  k - an expensive camera (0:63)
  m - an uncursed towel

GdeVolpiano the Tourist's attributes:

Background:
 You were a Sightseer, a level 3 female human Tourist.
 You were neutral, on a mission for The Lady
 who was opposed by Blind Io (lawful) and Offler (chaotic).
 You were right-handed.
 You were in the Dungeons of Doom, on level 2.
 You entered the dungeon 919 turns ago.
 You had 52 experience points, 28 more were needed to attain level 4.

Basics:
 You had 0 out of 26 hit points.
 You had all 10 energy points (spell power).
 Your armor class was 9.
 Your wallet was empty.
 Autopickup was on, but temporarily disabled while inside the shop.

Final Characteristics:
 Your strength was 12 (limit:18/100).
 Your dexterity was 13 (limit:18).
 Your constitution was 11 (limit:18).
 Your intelligence was 12 (limit:18).
 Your wisdom was 9 (limit:18).
 Your charisma was 18 (limit:18).

Final Status:
 You weren't hungry.
 You were unencumbered.
 You were bare handed.
 You were unskilled in bare handed combat.

Final Attributes:
 You were fervently aligned.
 You could survive without air.
 You are dead.

Miscellaneous:
 You didn't encounter any bones levels.
 Total elapsed playing time was 7 minutes and 12 seconds.

Major events:
 Turn
    1: GdeVolpiano the neutral female human Tourist entered the dungeon
  532: attained the rank of Sightseer (level 3)
  919: killed by a wand

You didn't know any spells.

Skills:
 Fighting Skills
   bare handed combat [Unskilled]
   two weapon combat  [Unskilled]
   riding             [Unskilled]
 Weapon Skills
   dagger             [Unskilled]
   knife              [Unskilled]
   axe                [Unskilled]
   pick-axe           [Unskilled]
   short sword        [Unskilled]
   broadsword         [Unskilled]
   long sword         [Unskilled]
   two-handed sword   [Unskilled]
   saber              [Unskilled]
   mace               [Unskilled]
   morning star       [Unskilled]
   flail              [Unskilled]
   hammer             [Unskilled]
   quarterstaff       [Unskilled]
   polearms           [Unskilled]
   spear              [Unskilled]
   trident            [Unskilled]
   lance              [Unskilled]
   bow                [Unskilled]
   sling              [Unskilled]
   crossbow           [Unskilled]
   dart               [Basic]
   shuriken           [Unskilled]
   boomerang          [Unskilled]
   whip               [Unskilled]
   unicorn horn       [Unskilled]
 Spellcasting Skills
   divination spells  [Unskilled]
   enchantment spells [Unskilled]
   escape spells      [Unskilled]

Voluntary challenges:
 Character rerolling was not enabled.
 You never hit with a wielded weapon.
 You were illiterate.
 You never genocided any monsters.
 You never polymorphed an object.
 You never changed form.
 You used no wishes.
Achievements:
 You attained the rank of Sightseer.
 You entered a shop.

 The Dungeons of Doom: levels 1 to 2
    Level 1:
       An altar, some graves.
    Level 2: "Vault" <- You were here.
       An armor shop, a fountain, a grave.
       Final resting place for
          you, killed by a wand.


Vanquished creatures:
  a gas spore
  a large kobold
  2 giant rats
  a green mold
  3 jackals
  a fox
  a kobold
  2 goblins
  2 sewer rats
  6 grid bugs
  a lichen
  5 newts
26 creatures vanquished.

No species were genocided or became extinct.

Game over:
                       ----------
                      /          \
                     /    REST    \
                    /      IN      \
                   /     PEACE      \
                  /                  \
                  |   GdeVolpiano    |
                  |       0 Au       |
                  | killed by a wand |
                  |                  |
                  |                  |
                  |                  |
                  |       2026       |
                 *|     *  *  *      | *
        _________)/\\_//(\/(/\)/\//\/|_)_______

Aloha GdeVolpiano the Tourist...

You died in The Dungeons of Doom on dungeon level 2 with 258 points,
and 0 pieces of gold, after 919 moves.
You were level 3 with a maximum of 26 hit points when you died.

